Map: Ruins of Seras

Players

DemiLove - Winner!

  • Race: Zerg Zerg

Wellmet

  • Race: Terran Terran
  • League: Diamond

VOD

Have the link to the VOD?

Description

Time

  • Played on: Nov. 13, 2015, 4:21 a.m.
  • Length: 6:45
Show
View Real Time Build Order
Export as new Build Order

DemiLove Zerg - Winner!

Build Orders: Hatch First 

Get SALT Encoding   

  12  0:01  Drone  
  13  0:13  Overlord  
  13  0:20  Drone  
  14  0:32  Drone x2  
  16  0:38  Drone  
  17  0:56  Hatchery  
  16  0:59  Drone  
  16  1:01  Drone  
  18  1:09  Extractor  
  18  1:10  Drone  
  18  1:19  Spawning Pool  
  18  1:24  Drone  
  18  1:30  Drone  
  19  1:41  Overlord  
  19  1:58  Drone  
  20  2:08  Queen x2  
  20  2:09  Zergling x4  
  26  2:17  Metabolic Boost  
  26  2:19  Drone  
  26  2:21  Drone  
  28  2:27  Drone  
  29  2:33  Drone  
  29  2:34  Drone  
  31  2:42  Drone  
  32  2:45  Queen  
  34  3:03  Drone x2  
  36  3:12  Overlord x2  
  36  3:27  Hatchery  
  36  3:31  Drone x2  
  36  3:32  Drone  
  36  3:33  Drone x5  
  43  3:42  Drone x2  
  43  3:44  Extractor  
  43  3:45  Roach Warren  
  42  3:54  Queen  
  44  3:57  Drone x4  
  44  4:02  Overlord x2  
  48  4:04  Spore Crawler  
  48  4:10  Zergling x8  
  48  4:15  Spore Crawler  
  50  4:27  Overlord x3  
  50  4:41  Roach x5  
  50  4:42  Roach x2  
  64  4:55  Roach  
  64  4:56  Roach x2  
  70  5:02  Zergling x8  
  70  5:03  Zergling x2  
  75  5:09  Overlord  
  75  5:10  Zergling x8  
  75  5:11  Zergling x2  
  80  5:14  Ravager  
  80  5:15  Ravager x2  
  83  5:22  Overlord  
  83  5:25  Zergling x6  
  83  5:26  Zergling x2  
  83  5:28  Ravager  
  86  5:32  Zergling x8  
  90  5:38  Ravager  
  90  5:41  Zergling x6  
  90  5:42  Zergling x6  
  97  5:43  Zergling x2  
  90  6:01  Zergling x2  
  90  6:02  Zergling x14  
  87  6:07  Ravager x2  
  87  6:10  Zergling x4  
  87  6:11  Zergling x10  
  95  6:19  Ravager  
  95  6:20  Zergling x4  
  95  6:21  Zergling x4  
Show
View Real Time Build Order
Export as new Build Order

Wellmet Terran 

Build Orders: Command Center First (CC) 

Get SALT Encoding   

  12  0:01  SCV  
  13  0:13  SCV  
  14  0:19  Supply Depot  
  14  0:25  SCV  
  15  0:40  SCV  
  16  0:52  SCV  
  17  1:04  Command Center  
  17  1:07  SCV  
  18  1:18  Barracks  
  18  1:21  SCV  
  19  1:33  SCV  
  20  1:43  Barracks  
  20  1:45  SCV  
  21  1:48  Refinery  
  21  2:01  SCV  
  22  2:07  Marine  
  20  2:15  Orbital Command  
  23  2:17  Orbital Command  
  23  2:28  Marine  
  24  2:34  Barracks Reactor  
  24  2:42  SCV  
  24  2:43  SCV  
  26  2:47  Barracks  
  26  2:50  Marine  
  27  2:57  SCV  
  27  2:58  SCV  
  28  3:07  Supply Depot  
  28  3:09  SCV  
  28  3:10  SCV  
  28  3:12  Marine x2  
  32  3:15  Barracks Tech Lab  
  32  3:22  SCV  
  32  3:23  SCV  
  32  3:25  Supply Depot  
  34  3:30  Marine x2  
  34  3:34  SCV  
  37  3:35  SCV, Marine  
  37  3:36  Stimpack  
  37  3:37  Marine  
  40  3:46  SCV, Bunker  
  41  3:49  SCV, Marine  
  41  3:50  Marine  
  41  3:52  Marine  
  45  3:55  Marine  
  45  3:58  SCV  
  45  4:02  Factory  
  47  4:03  SCV, Refinery  
  47  4:04  Refinery  
  47  4:09  Marine x2  
  50  4:10  SCV  
  50  4:12  Marine  
  52  4:17  Supply Depot  
  52  4:20  SCV, Supply Depot  
  52  4:22  SCV  
  52  4:23  Engineering Bay  
  54  4:31  Barracks Reactor  
  54  4:38  SCV x2, Marine x2  
  54  4:39  Marauder  
  54  4:42  Supply Depot  
  60  4:47  Starport  
  60  4:50  SCV x2  
  62  4:53  Supply Depot  
  62  4:56  Marine x2  
  62  4:59  Factory Reactor  
  64  5:03  SCV  
  64  5:04  Marauder  
  64  5:05  SCV  
  68  5:09  Marine  
  68  5:10  Marine  
  68  5:11  Supply Depot  
  70  5:15  SCV  
  70  5:17  Marine x2  
  73  5:24  Barracks  
  73  5:27  Marauder  
  75  5:30  Barracks, Marine x2  
  75  5:31  SCV x2  
  79  5:37  Marine  
  79  5:38  Marine  
  79  5:41  Medivac  
  79  5:42  Medivac  
  85  5:43  SCV  
  85  5:44  Factory Reactor  
  85  5:46  Refinery  
  85  5:48  SCV  
  85  5:49  Marine x2  
  85  6:01  Marine x3  
  69  6:07  Marine x2  
  67  6:14  SCV  
  67  6:15  Barracks Reactor  
  67  6:16  Command Center  
  67  6:21  Marauder  
  67  6:22  Barracks Reactor  
  67  6:23  Marine x2  
Tags
 
Add a new tag
Caveats
  • Supply blocks, unpowered buildings, or Contaminate may cause inaccurate times.
  • Supply counts are checked every 10 seconds.